 Dungeon Crawl Stone Soup version 0.23-a0-550-g7de1f8e (webtiles) character file.

6914 Geeful the Geomancer (level 11, -2/61 HPs)
             Began as an Octopode Earth Elementalist on Dec 8, 2018.
             Was a Follower of Nemelex Xobeh.
             Slain by Sonja
             ... wielding a +2 dagger of distortion
              (5 damage)
             ... on level 10 of the Dungeon.
             The game lasted 01:10:19 (13524 turns).

Geeful the Geomancer (Octopode Earth Elementalist) Turns: 13524, Time: 01:10:20

Health: -2/61      AC:  3    Str: 13    XL:     11   Next: 7%
Magic:  23/23      EV: 18    Int: 20    God:    Nemelex Xobeh [*.....]
Gold:   904        SH:  0    Dex: 13    Spells: 12/26 levels left

rFire    x . .     SeeInvis .   a - +2 dagger (flame)
rCold    + . .     Gourm    .   (no shield)
rNeg     + . .     Faith    .   J - +2 hat
rPois    .         Spirit   .   (no amulet)
rElec    .         Reflect  .   i - ring of flight
rCorr    .         Harm     .   k - ring of positive energy
MR       .....                  t - +5 ring of strength
Stlth    ++++......             B - ring of ice
HPRegen  0.20/turn              (no ring)
MPRegen  0.18/turn              (no ring)
                                (no ring)
                                (no ring)

@: no status effects
A: almost no armour, stealthy swim, amphibious, 8 rings, constrict 8, camouflage
1, gelatinous body 1
a: Renounce Religion, Evoke Flight


You were on level 10 of the Dungeon.
You worshipped Nemelex Xobeh.
Nemelex Xobeh was aware of your devotion.
You were hungry.

You visited 2 branches of the dungeon, and saw 11 of its levels.

You collected 904 gold pieces.

Inventory:

Hand Weapons
 a - a +2 dagger of flaming (weapon)
 E - a +0 dagger of chaos
Missiles
 b - 166 stones (quivered)
 n - 69 poisoned needles
 q - a throwing net
Armour
 J - a +2 hat (worn)
Jewellery
 i - a ring of flight (left tentacle)
 k - a ring of positive energy (right tentacle)
 t - a +5 ring of strength (on tentacle)
 x - an uncursed ring of fire
 B - a ring of ice (on tentacle)
Wands
 g - a wand of polymorph (21)
 m - a wand of disintegration (6)
 C - a wand of flame (15)
 G - a wand of iceblast (2)
 H - a wand of digging (4)
Scrolls
 d - 3 scrolls of teleportation
 e - a scroll of amnesia
 l - 3 scrolls of remove curse
 r - 4 scrolls of immolation
 u - a scroll of magic mapping
 w - a scroll of fog
 F - 2 scrolls of fear
Potions
 f - 3 potions of heal wounds
 h - a potion of mutation
 j - a potion of curing
 p - a potion of lignification
 s - a potion of magic {unknown}
 v - 2 potions of haste {unknown}
 z - a potion of agility {unknown}
 I - 2 potions of brilliance {unknown}
Miscellaneous
 A - a plain deck of escape {drawn: 2}
 L - a box of beasts
Comestibles
 c - 11 rations


   Skills:
 + Level 9.3 Dodging
 - Level 4.3 Stealth
 + Level 8.4 Spellcasting
 - Level 1.0 Transmutations
 + Level 9.5 Earth Magic
 + Level 5.8 Invocations


You had 12 spell levels left.
You knew the following spells:

 Your Spells              Type           Power        Failure   Level  Hunger
a - Sandblast             Erth           #####.       1%          1    None
b - Passwall              Tmut/Erth      ####....     1%          2    None
c - Stone Arrow           Conj/Erth      ####..       3%          3    None
d - Apportation           Tloc           #.....       9%          1    None
e - Swiftness             Chrm/Air       #.......     12%         2    None
f - Lee's Rapid Deconstr  Erth           #####.....   4%          5    #####..

Your spell library contained the following spells:

 Spells                   Type           Power        Failure   Level  Hunger
 Animate Skeleton         Necr           N/A          9%          1    None
 Confusing Touch          Hex            #.....       9%          1    None
 Shock                    Conj/Air       #...         9%          1    None
 Sting                    Conj/Pois      #...         9%          1    None
 Summon Small Mammal      Summ           #...         9%          1    None
 Petrify                  Tmut/Erth      ####....     10%         4    ###....
 Poisonous Vapours        Pois/Air       #.....       12%         2    None
 Confuse                  Hex            #.......     24%         3    None
 Gell's Gravitas          Tloc           #.........   24%         3    None
 Mephitic Cloud           Conj/Pois/Air  #.......     24%         3    None
 Static Discharge         Conj/Air       #.......     24%         3    None
 Airstrike                Air            #.........   63%         4    ###....
 Olgreb's Toxic Radiance  Pois           #.......     63%         4    ###....
 Yara's Violent Unravell  Hex/Tmut       ##........   88%         5    #####..
 Lightning Bolt           Conj/Air       #.........   92%         5    #####..
 Metabolic Englaciation   Hex/Ice        ##........   92%         5    #####..
 Venom Bolt               Conj/Pois      #.........   92%         5    #####..


Dungeon Overview and Level Annotations

Branches:
Dungeon (10/15)            Temple (1/1) D:7            Lair (0/6) D:9
    Orc (0/2) D:10

Altars:
Ashenzari
Cheibriados
Dithmenos
Elyvilon
Fedhas
Gozag
Hepliaklqana
Kikubaaqudgha
Makhleb
Nemelex Xobeh
Okawaru
Qazlal
Ru
Sif Muna
Trog
Uskayaw
Vehumet
Wu Jian
Xom
Yredelemnul
Zin
The Shining One

Annotations:
D:3 2 transporters
D:7 Mango's ghost, novice FoFi; Think's ghost, novice DsFi; Toan's ghost, novice MfMo; bonscott's ghost, novice TeVM
D:10 Sonja


Innate Abilities, Weirdness & Mutations

You cannot wear most types of armour.
You are very stealthy in the water. (Stealth+)
You are amphibious.
You can wear up to eight rings at the same time.
You can use your tentacles to constrict eight enemies at once.
Your skin changes colour to match your surroundings (Stealth+).
Your rubbery body absorbs attacks. (AC +1, EV +1)


Message History

Space warps horribly around you! Sonja closely misses you.
Sonja hits you with a +2 dagger of distortion.
Space warps horribly around you!
Your ogre misses Sonja. You barely miss Sonja. Your grab misses Sonja.
Your squeeze misses Sonja.
Sonja is heavily wounded.
Sonja hits you with a +2 dagger of distortion.
Space warps horribly around you! Sonja completely misses you. Sonja misses you.
You hit Sonja but do no damage. Your grab misses Sonja.
Sonja is heavily wounded.
Sonja closely misses you.
Sonja hits you with a +2 dagger of distortion.
* * * LOW HITPOINT WARNING * * *
Space bends around you.
* * * LOW HITPOINT WARNING * * *
Sonja completely misses you.
Sonja hits you with a +2 dagger of distortion!
* * * LOW HITPOINT WARNING * * *
Space bends around you.
You die...
Your body glows slightly and disappears.

#.#.#.##.#......<.# #)..
#........########.......#
.... ...#####..##
#######.. # #.... .#.#
#...## #####.. .#.#
#.#..## ..(.... .#.#
#.##..## ###)...... ...#
#.###..####.)......$ .###
#.# ##.##KO...)..... #
#.# #...@##).)..... #.#
##..###..(....> #.# #...#
##....... #.#..# ....o..
#.<.##.# o...K.. ....###
..# ....... #...## #.#
####. ... .# .. .#


You could see Sonja and a friendly ogre.

Vanquished Creatures
  2 two-headed ogres (D:8)
  Psyche (D:8)
  A centaur skeleton (D:10)
  A troll (D:9)
  Eustachio (D:6)
  A hungry ghost (D:6)
  Menkaure (D:6)
  A water moccasin (D:8)
  Duvessa (D:6)
  5 orc warriors
  6 ice beasts
  2 ogres
  3 centaurs
  2 crocodiles
  A big kobold (D:7)
  6 bullfrogs
  A wyvern zombie (D:6)
  6 scorpions
  Dowan (D:6)
  A wight (D:7)
  A bullfrog zombie (D:4)
  9 howler monkeys
  3 crimson imps
  A jelly (D:10)
  5 orc priests
  8 orc wizards
  A gnoll shaman (D:6)
  Crazy Yiuf (D:2)
  2 hounds
  3 bullfrog skeletons
  An iguana (D:7)
  3 worker ants
  2 hound skeletons
  2 hound zombies (D:8)
  A howler monkey skeleton (D:4)
  A worker ant zombie (D:4)
  6 gnolls
  9 adders
  A shadow imp (D:5)
  An ooze (D:6)
  4 adder skeletons
  2 adder zombies
  6 worms
  4 dart slugs
  6 leopard geckos
  29 orcs
  9 bats
  7 giant cockroaches
  7 goblins
  9 hobgoblins
  7 jackals
  5 quokkas
  4 ball pythons
  5 frilled lizards
  A giant cockroach zombie (D:4)
  11 kobolds
  3 leopard gecko zombies (D:4)
  9 rats
  A fungus (D:8)
234 creatures vanquished.

Vanquished Creatures (collateral kills)
  An orc warrior (D:7)
  A necrophage (D:10)
  A bullfrog (D:8)
  An orc wizard (D:8)
  4 orcs
8 creatures vanquished.

Vanquished Creatures (others)
  A killer bee (D:7)
  A hound (D:10)
  A fungus (D:8)
  2 withered plants (D:7)
5 creatures vanquished.

Grand Total: 247 creatures vanquished

Notes
Turn   | Place    | Note
-------+----------+-------------------------------------------
     0 | D:1      | Geeful the Octopode Earth Elementalist began the quest for
                  | the Orb.
     0 | D:1      | Reached XP level 1. HP: 11/11 MP: 3/3
   300 | D:1      | Reached XP level 2. HP: 17/17 MP: 3/5
   728 | D:1      | Reached XP level 3. HP: 18/21 MP: 6/6
  1169 | D:1      | Learned a level 2 spell: Passwall
  1173 | D:1      | Learned a level 3 spell: Stone Arrow
  1681 | D:2      | Found a stormy altar of Qazlal.
  1977 | D:2      | Reached XP level 4. HP: 19/27 MP: 4/7
  2192 | D:2      | Found a runed door.
  2196 | D:2      | Noticed Crazy Yiuf
  2201 | D:2      | Killed Crazy Yiuf
  2479 | D:2      | Reached XP level 5. HP: 29/31 MP: 5/9
  3030 | D:3      | Found a transporter.
  3039 | D:3      | Found a transporter.
  3643 | D:3      | Reached XP level 6. HP: 32/36 MP: 4/10
  3901 | D:3      | Found a glowing silver altar of Zin.
  4744 | D:4      | Reached XP level 7. HP: 39/41 MP: 12/12
  4789 | D:4      | Reached skill level 5 in Earth Magic
  4804 | D:5      | Entered Level 5 of the Dungeon
  5117 | D:4      | Found a burning altar of Makhleb.
  5182 | D:4      | Learned a level 1 spell: Apportation
  5845 | D:5      | Reached skill level 5 in Dodging
  5984 | D:5      | Reached XP level 8. HP: 36/46 MP: 15/15
  6472 | D:6      | Found a basalt altar of Yredelemnul.
  6478 | D:6      | Reached skill level 5 in Spellcasting
  6481 | D:6      | Noticed Menkaure
  6484 | D:6      | Killed Menkaure
  6529 | D:6      | Noticed Eustachio
  6544 | D:6      | Killed Eustachio
  7034 | D:6      | Learned a level 2 spell: Swiftness
  7061 | D:6      | Found a glowing golden altar of the Shining One.
  7301 | D:6      | Learned a level 5 spell: Lee's Rapid Deconstruction
  7463 | D:6      | Noticed Dowan
  7482 | D:6      | Killed Dowan
  7482 | D:6      | Reached XP level 9. HP: 45/51 MP: 16/18
  7553 | D:6      | Noticed Duvessa
  7579 | D:6      | Killed Duvessa
  7768 | D:6      | Found a white marble altar of Elyvilon.
  7855 | D:6      | Found a shattered altar of Ashenzari.
  8183 | D:6      | Found a blossoming altar of Fedhas.
  8183 | D:6      | Found a radiant altar of Vehumet.
  8953 | D:7      | Found a hazy altar of Hepliaklqana.
  9117 | D:7      | Found a staircase to the Ecumenical Temple.
  9122 | Temple   | Entered the Ecumenical Temple
  9222 | Temple   | Became a worshipper of Nemelex Xobeh the Trickster
  9412 | D:7      | Reached skill level 1 in Invocations
  9548 | D:6      | Found a basalt altar of Yredelemnul.
  9917 | D:7      | Received a gift from Nemelex Xobeh
 10172 | D:7      | Found a runed gate.
 10172 | D:7      | Found a runed gate.
 10173 | D:7      | Noticed Mango's ghost (novice FoFi)
 10177 | D:7      | Found a runed gate.
 10177 | D:7      | Noticed Toan's ghost (novice MfMo)
 10178 | D:7      | Noticed Think's ghost (novice DsFi)
 10179 | D:7      | Noticed bonscott's ghost (novice TeVM)
 10399 | D:7      | Reached XP level 10. HP: 40/56 MP: 20/20
 11045 | D:8      | Noticed a two-headed ogre
 11327 | D:8      | Noticed a two-headed ogre
 11330 | D:8      | Noticed Psyche
 11335 | D:8      | Killed a two-headed ogre
 11344 | D:8      | Killed Psyche
 11629 | D:8      | Killed a two-headed ogre
 11797 | D:8      | Received a gift from Nemelex Xobeh
 11858 | D:8      | Reached * piety under Nemelex Xobeh
 12230 | D:8      | Found a sacrificial altar of Ru.
 12346 | D:8      | Reached skill level 5 in Invocations
 12669 | D:9      | Found a deep blue altar of Sif Muna.
 12833 | D:9      | Found a staircase to the Lair.
 13162 | D:10     | Entered Level 10 of the Dungeon
 13415 | D:10     | Reached XP level 11. HP: 61/61 MP: 23/23
 13495 | D:10     | Found a staircase to the Orcish Mines.
 13497 | D:10     | Noticed Sonja
 13524 | D:10     | HP: 3/61 [Sonja/+2 dagger of distortion (10)]
 13524 | D:10     | Slain by Sonja

Vault maps used:
D:1:      lemuel_arrival_lava_pool
D:2:      lemuel_crystal_altar, uniq_crazy_yiuf_cottage
D:3:      gammafunk_steamed_eel, old_standard_altar
D:4:      makhleb_heckhound_becter, serial_undead, serial_undead_c,
          serial_undead_d, serial_undead_a, serial_undead_b,
          portal_sewer_entry_e, minmay_diced_spiral
D:5:      first_ration, hangedman_abyss_or_decor_lesser_grid,
          corexii_leaking_fountain
D:6:      elyvilon_altar_5, nicolae_overflow_hidden_temple,
          yredelemnul_altar_generic, uniq_duvessa, uniq_eustachio, uniq_menkaure
D:7:      minmay_polygon_palace, nicolae_overflow_crystal_walls, temple_doors_e,
          gammafunk_ghost_cemetery
D:8:      nicolae_ru_the_path_less_chosen, grunt_ogre_cave, uniq_psyche
D:9:      led_sif_pool, lair_entry_dummy, hangedman_decor_points
D:10:     david_orc_3, uniq_sonja
Temple:   zaba_magenta_temple

Skill      XL: |  1  2  3  4  5  6  7  8  9 10 |
---------------+-------------------------------+-----
Stealth        | 3 4 |  4.3
Dodging        | 3 4 5 6 7 9 |  9.3
Spellcasting   | 3 4 6 7 8 |  8.4
Earth Magic    | 4 5 6 8 9 |  9.5
Invocations    | 2 5 |  5.8
Transmutations | |  1.0

Action                   |  1- 3 |  4- 6 |  7- 9 | 10-12 || total
-------------------------+-------+-------+-------+-------++-------
Melee: Short sword       |    76 |    35 |       |       ||   111
       Constrict         |    21 |    34 |    56 |    22 ||   133
       Tentacles         |    12 |    21 |    71 |    20 ||   124
       Dagger            |       |   105 |   259 |    99 ||   463
 Cast: Sandblast         |    21 |    36 |    50 |    20 ||   127
       Passwall          |     1 |     1 |     1 |     3 ||     6
       Stone Arrow       |       |     4 |     6 |     1 ||    11
       Swiftness         |       |       |     1 |     1 ||     2
       Lee's Rapid Decon |       |       |       |     1 ||     1
Evoke: Wand              |       |       |     6 |    25 ||    31
       Deck              |       |       |       |     6 ||     6
       Box of beasts     |       |       |       |     1 ||     1
  Use: Scroll            |     3 |     8 |     6 |     8 ||    25
       Potion            |       |       |     2 |       ||     2
 Stab: Sleeping          |     6 |     9 |    15 |     4 ||    34
       Paralysed         |       |       |     9 |     6 ||    15
       Confused          |       |       |       |     2 ||     2
       Distracted        |       |       |       |     1 ||     1
  Eat: Chunk             |     4 |     8 |    17 |     7 ||    36
       Ration            |       |       |     1 |     1 ||     2
Armor: Skin              |     2 |     6 |     3 |     4 ||    15
Dodge: Dodged            |    68 |    86 |   126 |    86 ||   366

Table legend:
 A = Non-vault XP
 B = Vault XP
 C = Vault XP percentage of total XP
 D = Non-vault monster count
 E = Vault monster count
 F = Vault count percentage of total count
                 A         B        C        D         E       F
            +---------+---------+-------+---------+---------+-------
      Total |    7365 |    2513 |  25.4 |     190 |      52 |  21.5
            +---------+---------+-------+---------+---------+-------
        D:1 |      44 |       0 |   0.0 |      25 |       0 |   0.0
        D:2 |      90 |      40 |  30.8 |      31 |       1 |   3.1
        D:3 |     184 |       0 |   0.0 |      27 |       0 |   0.0
        D:4 |     277 |     251 |  47.5 |      12 |      26 |  68.4
        D:5 |     448 |       0 |   0.0 |       6 |       0 |   0.0
        D:6 |    1337 |     585 |  30.4 |      32 |       4 |  11.1
        D:7 |     779 |     679 |  46.6 |      17 |      12 |  41.4
        D:8 |    2663 |     605 |  18.5 |      22 |       2 |   8.3
        D:9 |     568 |       0 |   0.0 |       7 |       0 |   0.0
       D:10 |     975 |     353 |  26.6 |      11 |       7 |  38.9
            +---------+---------+-------+---------+---------+-------
